 Dungeon Crawl Stone Soup version 0.21.0-37-g46506fa (webtiles) character file.

57 ScottishVillain the Shooter (level 3, 0/27 HPs)
             Began as a Demonspawn Wanderer on Jan 31, 2018.
             Succumbed to an adder's poison
             ... on level 2 of the Dungeon.
             The game lasted 00:14:11 (1586 turns).

ScottishVillain the Shooter (Demonspawn Wanderer)   Turns: 1586, Time: 00:14:12

Health: 0/27       AC:  3    Str: 15    XL:     3   Next: 73%
Magic:  3/12       EV:  9    Int: 13    God:
Gold:   154        SH:  7    Dex: 10    Spells: 2/2 levels left

rFire    . . .     SeeInvis .   c - +0 mace
rCold    . . .     Gourm    .   d - +0 shield
rNeg     . . .     Faith    .   e - +0 robe
rPois    .         Spirit   .   (no helmet)
rElec    .         Reflect  .   (no cloak)
rCorr    .         Harm     .   g - +0 pair of gloves
MR       .....                  (no boots)
Stlth    +.........             h - amulet of regeneration
HPRegen  0.09/turn              k - ring of flight
MPRegen  0.13/turn              i - ring of magical power

@: lethally poisoned (0 -> -5)
A: talons 1
a: Evoke Flight


You were on level 2 of the Dungeon.
You were not hungry.

You visited 1 branch of the dungeon, and saw 2 of its levels.

You collected 154 gold pieces.

Inventory:

Hand Weapons
 a - a +2 shortbow
 c - a +0 mace (weapon)
 l - a +0 long sword
Missiles
 b - 24 arrows
Armour
 d - a +0 shield (worn)
 e - a +0 robe (worn)
 g - a +0 pair of gloves (worn)
Jewellery
 h - an amulet of regeneration (around neck)
 i - a ring of magical power (right hand)
 k - a ring of flight (left hand)
Potions
 j - a potion of magic
Comestibles
 f - 2 rations


   Skills:
 + Level 2.2 Fighting
 + Level 1.1 Maces & Flails
 + Level 3.9 Bows
 + Level 1.9 Armour
 + Level 1.5 Dodging
 + Level 1.2 Stealth
 + Level 1.3 Shields


You had 2 spell levels left.
You didn't know any spells.

Dungeon Overview and Level Annotations

Branches:
Dungeon (2/15)

Altars:
Wu Jian


Innate Abilities, Weirdness & Mutations

You have sharp toenails.


Message History

You feel sick.
You see here an adder corpse.
* * * LOW HITPOINT WARNING * * *
You feel sick.
* * * LOW HITPOINT WARNING * * *
You feel sick.
You see here an encrusted diamond ring.
i - an encrusted diamond ring
* * * LOW HITPOINT WARNING * * *
You feel sick.
You eat one of the 3 rations.
That ration really hit the spot!
You feel your magic capacity increase.
i - a ring of magical power (right hand)
* * * LOW HITPOINT WARNING * * *
You feel sick.
* * * LOW HITPOINT WARNING * * *
You feel sick.
* * * LOW HITPOINT WARNING * * *
You feel sick.
You die...

... #.##### #.#
#.....# ..#
#####.###†# ..#
..........# .#
+########'..# .#
#........#..# ##
..#.'####'.#..# #
#.#^#....#)#..# #
#.#.#.##.#.#@.# #
#.#.#.##.#.#..# #
#.#.#....#.#..# #
#.#.'####'.#..#
#####.#........#..#
......'########'..#
####..............#
#....#######...#
###### #####


There were no monsters in sight!

Vanquished Creatures
  An adder (D:2)
  An ooze (D:1)
  A worm (D:2)
  A dart slug (D:1)
  2 leopard geckos (D:2)
  2 giant cockroaches
  3 goblins
  6 hobgoblins (D:1)
  6 kobolds
  6 bats (D:1)
  4 frilled lizards
  5 rats
  A fungus (D:2)
39 creatures vanquished.

Notes
Turn   | Place    | Note
-------+----------+-------------------------------------------
     0 | D:1      | ScottishVillain the Demonspawn Wanderer began the quest for the Orb.
     0 | D:1      | ScottishVillain set off with: a +2 shortbow, 24 arrows, a +0 mace, a +0 shield, a +0 robe, a ration
     0 | D:1      | Reached XP level 1. HP: 16/16 MP: 1/1
   464 | D:1      | Gained mutation: You have sharp toenails. [demonic ancestry]
   464 | D:1      | Reached XP level 2. HP: 22/22 MP: 2/2
   613 | D:1      | Reached skill level 1 in Dodging
  1055 | D:1      | Reached XP level 3. HP: 20/27 MP: 3/3
  1374 | D:2      | Found an ornate altar of the Wu Jian Council.
  1571 | D:2      | Reached skill level 1 in Maces & Flails
  1581 | D:2      | HP: 1/27 [poisoned by an adder]
  1586 | D:2      | Succumbed to an adder's poison

Skill      XL: |  1  2  3 |
---------------+----------+-----
Dodging        | 1 |  1.5
Maces & Flails | 1 |  1.1
Fighting       | |  2.2
Bows           | |  3.9
Armour         | |  1.9
Stealth        | |  1.2
Shields        | |  1.3

Action                   || total
-------------------------++-------
Melee: Mace              ||   148
       Kick              ||    18
 Fire: Shortbow          ||     1
  Use: Scroll            ||     4
       Potion            ||     3
  Eat: Chunk             ||     2
       Ration            ||     1
Armor: Robe              ||    55
Dodge: Dodged            ||    74
Block: Shield            ||    68
